 Dungeon Crawl Stone Soup version 0.26-a0-1053-gaff5f71418 (webtiles) character file.

Game seed: 3391889279659990700

307 stormannn the Grave Robber (level 6, -1/41 HPs)
             Began as a Mummy Necromancer on Dec 12, 2020.
             Was an Initiate of Yredelemnul.
             Slain by Edmund
             ... wielding a +4 flail of protection
              (9 damage)
             ... on level 3 of the Dungeon.
             The game lasted 00:12:27 (5329 turns).

stormannn the Grave Robber (Mummy Necromancer)      Turns: 5329, Time: 00:12:29

Health: -1/41      AC:  3    Str: 11    XL:     6   Next: 16%
Magic:  3/12       EV: 13    Int: 16    God:    Yredelemnul [......]
Gold:   214        SH:  0    Dex: 13    Spells: 8/13 levels left

rFire    x . .     SeeInvis .   m - +0 whip
rCold    + . .     Faith    .   (no shield)
rNeg     + + +     Spirit   .   a - +0 robe
rPois    ∞         Reflect  .   (no helmet)
rElec    .         Harm     .   (no cloak)
rCorr    .         Rampage  .   e - +0 pair of gloves (curse)
Will     .....                  (no boots)
Stlth    ++........             (no amulet)
HPRegen  0.13/turn              (no ring)
MPRegen  0.13/turn              (no ring)

@: no status effects
A: no potions, fire vulnerability, cold resistance 1, negative energy resistance
3, torment resistance, unbreathing
a: Renounce Religion


You were on level 3 of the Dungeon.
You worshipped Yredelemnul.
Yredelemnul was noncommittal.
You visited 1 branch of the dungeon, and saw 4 of its levels.

You collected 214 gold pieces.

Inventory:

Hand Weapons
 m - a +0 whip (weapon)
Armour
 a - a +0 robe (worn)
 e - a cursed +0 pair of gloves (worn)
Jewellery
 d - an uncursed amulet of guardian spirit {unknown}
 g - an uncursed amulet of faith {unknown}
Wands
 f - a wand of flame (22)
Scrolls
 b - a scroll of noise {unknown}
 c - a scroll of amnesia
 h - 3 scrolls of identify {unknown}
 i - 3 scrolls of enchant armour {unknown}
 j - a scroll of magic mapping {unknown}
 k - a scroll of remove curse {unknown}
 n - a scroll of fog {unknown}
 o - a scroll of random uselessness {unknown}


   Skills:
 * Level 3.5 Dodging
 + Level 3.0 Stealth
 + Level 4.2 Spellcasting
 + Level 4.8 Necromancy


You had 8 spell levels left.
You knew the following spells:

 Your Spells              Type           Power        Failure   Level
a - Pain                  Necr           ###.         2%          1
b - Animate Skeleton      Necr           ###...       2%          1
c - Vampiric Draining     Necr           ###.......   7%          3

Your spell library contained the following spells:

 Spells                   Type           Power        Failure   Level
 Animate Dead             Necr           ###.......   22%         4
 Agony                    Necr           ###.....     52%         5


Dungeon Overview and Level Annotations

Branches:
Dungeon (4/15)
 Temple: D:4-7

Altars:
Qazlal
Yredelemnul

Annotations:
D:3 Edmund


Innate Abilities, Weirdness & Mutations

You do not drink.
Your flesh is vulnerable to fire.
You are immune to poison.
Your flesh is cold resistant. (rC+)
You are immune to negative energy. (rN+++)
You are immune to unholy pain and torment.
You can survive without breathing.


Message History

Edmund is moderately wounded.
You feel life coursing into your body. Edmund barely misses you.
Casting: Vampiric Draining (dangerous; 7% risk of failure)
Confirm with . or Enter, or press ? or * to list all spells.
Aiming: Vampiric Draining (dangerous; 7% risk of failure)
Press: ? - help, Shift-Dir - straight line, f/p - Edmund
Aim: Edmund, wielding a +4 flail of protection, wearing a +0 leather armour and carrying a wand of random effects (29) (moderately wounded, berserk) Edmund is heavily wounded.
You feel life coursing into your body. Edmund hits you but does no damage.
Edmund hits you with a +4 flail of protection.
* * * LOW HITPOINT WARNING * * *
Casting: Vampiric Draining (dangerous; 7% risk of failure)
Confirm with . or Enter, or press ? or * to list all spells.
Aiming: Pain (safe; 2% risk of failure)
Press: ? - help, Shift-Dir - straight line, f/p - Edmund
Aim: Edmund, wielding a +4 flail of protection, wearing a +0 leather armour and carrying a wand of random effects (29) (heavily wounded, berserk, chance to affect: 78%) Edmund barely resists.
Edmund hits you with a +4 flail of protection!
You die...
Yredelemnul claims you as an undead slave.

#...............#...##..#..#...
#..................###...###...
###...............#..............
#.................#..............
#..............................##
#................###.#...........
#...†.....#......##.........(..##
#.>>....#.#.##......#.#...###).#
..####.##.....<@@...#.###...#.<#
..####..w.............# ##...#.##
.......[#...........#######......
.............................!...
..####[##............######....#.
..# #.##.............## ###....
..# #<##...........#.[## ##...
### #.##...........##!.## #...
#.##...........###..## #...


You could see Edmund (berserk).

Vanquished Creatures
  A hound (D:4)
  2 orc wizards (D:3)
  3 worker ants
  An iguana (D:3)
  4 adders
  An ooze (D:3)
  An adder skeleton (D:4)
  3 worms (D:2)
  A dart slug (D:3)
  4 leopard geckos
  6 orcs
  4 ball pythons
  2 giant cockroaches (D:2)
  5 hobgoblins
  3 kobolds
  3 quokkas
  5 bats
  7 frilled lizards
  4 goblins
  9 rats
69 creatures vanquished.

Vanquished Creatures (collateral kills)
  An ooze (D:1)
1 creature vanquished.

Vanquished Creatures (others)
  62 plants
62 creatures vanquished.

Grand Total: 132 creatures vanquished

Notes
Turn   | Place    | Note
-------+----------+-------------------------------------------
     0 | D:1      | stormannn the Mummy Necromancer began the quest for the
                  | Orb.
     0 | D:1      | Reached XP level 1. HP: 13/13 MP: 4/4
     2 | D:1      | Learned a level 1 spell: Animate Skeleton
   362 | D:1      | Reached XP level 2. HP: 19/19 MP: 1/5
  1393 | D:2      | Found a stormy altar of Qazlal.
  1969 | D:2      | Reached XP level 3. HP: 9/24 MP: 0/7
  2822 | D:2      | Learned a level 3 spell: Vampiric Draining
  2963 | D:3      | Reached XP level 4. HP: 13/30 MP: 1/9
  3520 | D:3      | Found a faded altar of an unknown god.
  4044 | D:4      | Found a basalt altar of Yredelemnul.
  4044 | D:4      | Noticed a phantom
  4085 | D:3      | Reached XP level 5. HP: 3/35 MP: 1/10
  4852 | D:4      | Noticed Edmund
  4950 | D:4      | Became a worshipper of Yredelemnul the Dark
  5130 | D:3      | Reached XP level 6. HP: 26/41 MP: 0/12
  5329 | D:3      | Slain by Edmund

Illustrated notes

Levels and vault maps discovered:
D:1:      dpeg_arrival_round_c, layout_loops_ring, minmay_shallow_snake_nest
D:2:      layout_loops_ring, old_standard_altar, kennysheep_boxes
D:3:      layout_rooms, chequers_ecumenical_altar_island
D:4:      layout_cave_pools, grunt_temple_overflow_lords_of_destruction,
          yredelemnul_altar_generic, grunt_ministairs_2, minmay_misc_feat_x,
          uniq_edmund

Skill      XL: |  1  2  3  4  5 |
---------------+----------------+-----
Dodging        | 2 3 |  3.5
Spellcasting   | 3 4 |  4.2
Stealth        | 2 3 |  3.0
Necromancy     | |  4.8

Action                   |  1- 3 |  4- 6 || total
-------------------------+-------+-------++-------
Melee: Unarmed           |    32 |     2 ||    34
       Whip              |       |     3 ||     3
 Cast: Pain              |   101 |   102 ||   203
       Animate Skeleton  |     9 |     8 ||    17
       Vampiric Draining |       |     3 ||     3
Evoke: Wand              |       |     3 ||     3
  Use: Scroll            |       |     3 ||     3
Armor: Robe              |    14 |     9 ||    23
Dodge: Dodged            |    29 |    38 ||    67

Table legend: (Time is in decaauts)
 A = Elapsed time spent in this place.
 B = Non-inter-level travel time spent in this place.
 C = Inter-level travel time spent in this place.
 D = Time resting spent in this place.
 E = Time spent auto-exploring this place.
 F = Levels seen in this place.
 G = Mean time per level.
                   A        B        C        D        E       F      G
               +--------+--------+--------+--------+--------+-----+--------+
         Total |   5351 |   5102 |    249 |   2318 |   1889 |   4 | 1337.8 |
       Dungeon |   5351 |   5102 |    249 |   2318 |   1889 |   4 | 1337.8 |
               +--------+--------+--------+--------+--------+-----+--------+

Top non-repeatable levels by time:
     D:2: 1773 daAuts
     D:3: 1664 daAuts
     D:1: 1397 daAuts
     D:4: 516 daAuts
